 Dungeon Crawl Stone Soup version 0.29.1-15-g9cfb28693d (webtiles) character file.

Game seed: 754986639010230777

207 dudediamond6 the Conjurer (level 6, -4/41 HPs)
             Began as a Human Conjurer on Feb 21, 2023.
             Was an Initiate of Sif Muna.
             Slain by a hornet (13 damage)
             ... while paralysed by a hornet
             ... on level 4 of the Dungeon on Feb 22, 2023.
             The game lasted 00:07:30 (4853 turns).

dudediamond6 the Conjurer (Human Conjurer)          Turns: 4853, Time: 00:07:30

Health: -4/41      AC:  7    Str:  8    XL:     6   Next: 10%
Magic:  7/10       EV:  2    Int: 20    God:    Sif Muna [......]
Gold:   213        SH:  0    Dex: 11    Spells: 4/11 levels left

rFire   . . .      SeeInvis .   c - +2 hand axe (holy)
rCold   . . .      Faith    .   (no shield)
rNeg    . . .      Spirit   .   d - +0 leather armour
rPois   .          Reflect  .   (no helmet)
rElec   .          Harm     .   o - +0 cloak
rCorr   .          Rampage  .   f - +0 pair of gloves
Will    .....                   e - +1 pair of boots
Stlth   ++........              (no amulet)
HPRegen 0.13/turn               (no ring)
MPRegen 0.12/turn               (no ring)

@: paralysed, lethally poisoned (-4 -> -22), very slightly contaminated, slowed
A: no striking features
a: Renounce Religion


You were on level 4 of the Dungeon.
You worshipped Sif Muna.
Sif Muna was noncommittal.
You visited 2 branches of the dungeon, and saw 5 of its levels.

You collected 213 gold pieces.

Inventory:

Hand Weapons
 c - a +2 hand axe of holy wrath (weapon)
 n - a +3 quarterstaff of chaos
Armour
 a - a +0 robe
 d - a +0 leather armour (worn)
 e - a +1 pair of boots (worn)
 f - a +0 pair of gloves (worn)
 o - a +0 cloak (worn)
Scrolls
 g - a scroll of poison {unknown}
 h - 2 scrolls of immolation {unknown}
 j - a scroll of magic mapping {unknown}
 k - a scroll of amnesia {unknown}
 l - a scroll of fear {unknown}
 m - 3 scrolls of identify {unknown}
 q - a scroll of brand weapon {unknown}
 r - 3 scrolls of blinking {unknown}
Potions
 b - a potion of magic
 i - a potion of berserk rage {unknown}
 p - a potion of brilliance {unknown}


   Skills:
 - Level 0.8 Axes
 - Level 1.0 Armour
 + Level 2.4 Dodging
 + Level 2.4 Stealth
 * Level 3.1 Spellcasting
 * Level 5.6 Conjurations


You had 4 spell levels left.
You knew the following spells:

 Your Spells              Type           Power      Damage    Failure   Level
a - Magic Dart            Conj           100%       1d8       1%          1
b - Searing Ray           Conj           50%        2d6       3%          2
c - Fulminant Prism       Conj/Hex       7%         3d7       52%         4

Your spell library contained the following spells:

 Spells                   Type           Power      Damage    Failure   Level
 Dazzling Flash           Conj/Hex       28%        N/A       19%         3
 Portal Projectile        Hex/Tloc       6%         N/A       52%         3
 Tukima's Dance           Hex            3%         N/A       52%         3
 Iskenderun's Mystic Bla  Conj/Tloc      14%        2d5       52%         4
 Blade Hands              Tmut           1%         N/A       99%         5


Dungeon Overview and Level Annotations

Branches:
Dungeon (4/15)             Temple (1/1) D:4

Altars:
Cheibriados
Dithmenos
Elyvilon
Fedhas
Gozag
Hepliaklqana
Kikubaaqudgha
Nemelex Xobeh
Okawaru
Ru
Sif Muna
Trog
Uskayaw
Wu Jian
Xom
Yredelemnul
Zin
The Shining One


Message History

There is an open door here.
You see here an adder skeleton.
You see here a +0 dagger.
A hobgoblin comes into view.
The hobgoblin shouts!
You hear an angry hiss.
The magic dart hits the hobgoblin.
The hobgoblin is moderately wounded.
The magic dart hits the hobgoblin!
You kill the hobgoblin!
Sif Muna accepts your kill.
A ball python comes into view.
The magic dart hits the ball python!
You kill the ball python!
Sif Muna accepts your kill.
You can't see any susceptible monsters within range! (Use Z to cast anyway.) Magic restored.
r - 3 scrolls labelled BEDUKHL COFA (gained 1)
You now have 213 gold pieces (gained 12).
A hornet comes into view.
The magic dart hits the hornet.
The hornet is lightly wounded.
The hornet buzzes angrily.
Casting: Magic Dart (safe; 1% risk of failure)
Confirm with . or Enter, or press ? or * to list all spells.
Aiming: Searing Ray (safe; 3% risk of failure)
Press: ? - help, Shift-Dir - straight line, f/p - hornet
Aim: a hornet (lightly wounded, 69% to hit)
You miscast Searing Ray.
You are very lightly contaminated with residual magic.
Nothing appears to happen.
The hornet stings you.
You suddenly lose the ability to move!
The hornet stings you!
You are poisoned.
You feel yourself slow down. The hornet stings you!
You are more poisoned.
You feel as though you will be slow longer.
* * * LOW HITPOINT WARNING * * *
You feel very sick. The hornet stings you!
You die...

#..####..# ##.
#..####..########
#..
#..##...........#
#..
#........######.##
#.. #####.####
##...####. #.#
#......... #.#
##...##### #.#
##.## #@# #.#
#...y...# #.#
#..#..#.# #+# #.
##.#.# #. ... # #
#.# ... ...


You could see a hornet.

Vanquished Creatures
  Crazy Yiuf (D:2)
  3 gnolls (D:3)
  6 adders
  A worm (D:4)
  2 dart slugs (D:1)
  4 orcs
  9 endoplasms
  4 giant cockroaches
  11 goblins
  3 hobgoblins
  4 jackals (D:2)
  3 quokkas
  8 ball pythons
  11 bats
  3 frilled lizards
  7 kobolds
  6 rats
86 creatures vanquished.

Notes
Turn   | Place    | Note
-------+----------+-------------------------------------------
     0 | D:1      | dudediamond6 the Human Conjurer began the quest for the
                  | Orb.
     0 | D:1      | Reached XP level 1. HP: 13/13 MP: 3/3
   121 | D:1      | Reached XP level 2. HP: 19/19 MP: 0/5
   546 | D:1      | Reached XP level 3. HP: 24/24 MP: 2/6
   549 | D:1      | Learned a level 2 spell: Searing Ray
  1550 | D:2      | You fall into a shaft and drop 2 floors!
  1593 | D:4      | Reached XP level 4. HP: 30/30 MP: 0/7
  2085 | D:3      | Reached skill level 5 in Conjurations
  2426 | D:2      | Reached XP level 5. HP: 35/35 MP: 4/8
  2507 | D:2      | Reached skill level 1 in Armour
  2725 | D:2      | Found an iron altar of Okawaru.
  2984 | D:2      | Found a runed translucent door.
  2985 | D:2      | Noticed Crazy Yiuf
  3220 | D:2      | Killed Crazy Yiuf
  3877 | D:3      | Learned a level 4 spell: Fulminant Prism
  3936 | D:3      | Found an ornate altar of the Wu Jian Council.
  4097 | D:4      | Found a staircase to the Ecumenical Temple.
  4108 | Temple   | Entered the Ecumenical Temple
  4367 | D:4      | Reached XP level 6. HP: 41/41 MP: 4/10
  4683 | Temple   | Became a worshipper of Sif Muna the Loreminder
  4849 | D:4      | Noticed a hornet
  4851 | D:4      | Paralysed by a hornet for 3 turns
  4853 | D:4      | Slain by a hornet

Illustrated notes

Levels and vault maps discovered:
D:1:      elethiomel_arrival_fortress_basement, layout_basic
D:2:      kennysheep_big_flooded_room, layout_loops_ring, basic_altar,
          kennysheep_doodads, st_stairs_12, uniq_crazy_yiuf_cottage
D:3:      layout_basic, nzn_wu_jian_council_hall
D:4:      layout_loops_corners, minmay_temple_entry_tees, uniq_pikel
Temple:   nicolae_temple_bog_church

Skill      XL: |  1  2  3  4  5 |
---------------+----------------+-----
Conjurations   | 5 |  5.6
Armour         | 1 |  1.0
Spellcasting   | 3 |  3.1
Axes           | |  0.8
Dodging        | |  2.4
Stealth        | |  2.4

Action                   |  1- 3 |  4- 6 || total
-------------------------+-------+-------++-------
Melee: Hand axe          |     9 |    23 ||    32
       Punch             |       |     1 ||     1
 Cast: Magic Dart        |    59 |    89 ||   148
       Searing Ray       |     2 |     3 ||     5
  Use: Scroll            |     1 |       ||     1
       Potion            |     1 |       ||     1
 Stab: Sleeping          |       |     1 ||     1
Armor: Leather armour    |     5 |     8 ||    13
Dodge: Dodged            |    14 |    28 ||    42
